 Dungeon Crawl Stone Soup version 0.25-a0-413-g3b4b6a4ccc (webtiles) character file.

Game seed: 9683997390162010376, levelgen mode: deterministic

17157 Borgoz the Fighter (level 12, -2/80 HPs)
             Began as a Gargoyle Berserker on Jan 15, 2020.
             Was a High Priest of Trog.
             Slain by a skeletal warrior
             ... wielding a +0 scimitar
             ... led by a skeletal warrior
              (6 damage)
             ... while paralysed
             ... on level 12 of the Dungeon.
             The game lasted 00:20:07 (11566 turns).

Borgoz the Fighter (Gargoyle Berserker)            Turns: 11566, Time: 00:20:08

Health: -2/80      AC: 27    Str: 25    XL:     12   Next: 45%
Magic:  2/12       EV:  2    Int:  7    God:    Trog [*****.]
Gold:   527        SH:  0    Dex: 16    Spells: 11/11 levels left

rFire    + . .     SeeInvis .   C - +4 dire flail (flame)
rCold    . . .     Gourm    .   (shield currently unavailable)
rNeg     + . .     Faith    .   b - +3 chain mail
rPois    ∞         Spirit   .   w - +1 hat
rElec    +         Reflect  .   l - scarf {cloud immunity}
rCorr    +         Harm     .   (no gloves)
MR       .....                  j - +1 pair of boots
Stlth    ..........             (no amulet)
HPRegen  0.23/turn              A - ring of protection from fire
MPRegen  0.13/turn              r - ring of resist corrosion

@: paralysed, agile, marked, berserk cooldown, fainting, slowed
A: negative energy resistance 1, electricity resistance, unbreathing,
petrification resistance, rot immunity, AC +8
a: Berserk, Trog's Hand, Brothers in Arms, Renounce Religion


You were on level 12 of the Dungeon.
You worshipped Trog.
Trog was extremely pleased with you.
You were fainting.

You visited 2 branches of the dungeon, and saw 14 of its levels.
You also visited: Ossuary.

You collected 527 gold pieces.

Inventory:

Hand Weapons
 C - a +4 dire flail of flaming (weapon)
Armour
 b - a +3 chain mail (worn)
 j - a +1 pair of boots (worn)
 l - a scarf of cloud immunity (worn)
 w - a +1 hat (worn)
Jewellery
 a - an uncursed ring of protection from fire
 o - an uncursed ring of ice
 r - a ring of resist corrosion (right hand)
 u - a +2 ring of dexterity
 A - a ring of protection from fire (left hand)
Wands
 e - a wand of paralysis (9)
Scrolls
 d - 6 scrolls of enchant armour
 f - 5 scrolls of enchant weapon
 h - 4 scrolls of immolation
 i - 4 scrolls of teleportation
 k - 6 scrolls of remove curse
 s - a scroll of blinking
 y - a scroll of magic mapping {unknown}
 z - 2 scrolls of fog {unknown}
Potions
 g - 4 potions of heal wounds
 m - a potion of mutation
 n - 2 potions of agility
 p - a potion of ambrosia
 q - 5 potions of curing
 t - a potion of resistance
 v - a potion of magic {unknown}
 x - a potion of haste {unknown}
 B - a potion of berserk rage {unknown}
Comestibles
 c - 19 rations
 D - 2 chunks of flesh


   Skills:
 + Level 11.4 Fighting
 + Level 10.5 Maces & Flails
 + Level 11.1 Armour
 + Level 8.7 Dodging


You had 11 spell levels left.
You didn't know any spells.
Your spell library was empty.

Dungeon Overview and Level Annotations

Branches:
Dungeon (13/15)            Temple (1/1) D:6            Lair (0/6) D:9
Ossuary (visited)
    Orc: D:9-12      Vaults: D:13-14

Altars:
Dithmenos
Fedhas
Makhleb
Qazlal
Wu Jian
Xom
Zin
The Shining One

Shops:
D:9 [   D:13 :


Innate Abilities, Weirdness & Mutations

You are resistant to torment.
Your stone body is resilient. (AC +8)
You are immune to poison.
You resist negative energy. (rN+)
You are resistant to electric shocks. (rElec)
You can survive without breathing.
You are immune to petrification.
You are immune to rotting.


Message History

The orc hits you but does no damage.
The skeletal warrior hits you with a +0 scimitar!
* * * LOW HITPOINT WARNING * * *
The orc wizard casts a spell.
The orc wizard blinks!
The scorpion stings you but does no damage.
The eye of draining gazes at you.
You feel your power leaking away.
The water moccasin zombie bites you but does no damage.
The wraith hits you but does no damage. The scorpion stings you.
* * * LOW HITPOINT WARNING * * *
The skeletal warrior hits you but does no damage.
The water moccasin zombie bites you.
* * * LOW HITPOINT WARNING * * *
The wraith hits you but does no damage.
The hornet stings you but does no damage.
The water moccasin zombie bites you but does no damage.
The scorpion stings you but does no damage.
The skeletal warrior hits you with a +0 scimitar.
You die...

.+ .# # .# #.
.# #.#####.#
#.......#
#.......##
#...Gs@y.#
#....ZWz.#####
#.....o.oo...o
###..>..o.....
#...o.......
###.........
#.........
#.........
#.........


You could see a skeletal warrior, an eye of draining, a hornet, a wraith, a
scorpion, an orc priest, 3 orc wizards, an orc and a water moccasin zombie.

Vanquished Creatures
  Harold (D:7)
  The ghost of Upnub the Envoy of Void, a journeyman TrAK of Lugonu (D:10)
  The ghost of Nafuereu the Thaumaturge, a journeyman DgAE (D:10)
  3 two-headed ogres (D:8)
  The ghost of Wezips the Basher, a journeyman GrFi of Qazlal (D:10)
  A skeletal warrior (D:10)
  An unseen horror (D:13)
  A necromancer (D:10)
  Joseph (D:7)
  Maggie (D:9)
  A queen bee (shapeshifter) (D:13)
  A troll (D:13)
  A hippogriff (D:11)
  4 flying skulls (D:10)
  Sigmund (D:5)
  2 shadows (D:10)
  6 yaks (D:10)
  A spriggan (D:7)
  A wyvern (D:8)
  3 hungry ghosts
  4 wraiths
  Menkaure (D:5)
  5 soldier ants (D:5)
  2 water moccasins (D:5)
  3 sky beasts (D:9)
  An ice beast (D:10)
  A phantom (D:10)
  2 black bears
  An eye of draining (D:11)
  4 ogres
  A centaur (D:6)
  2 crocodiles (D:10)
  Blork the orc (D:5)
  7 bullfrogs
  2 wyvern zombies
  5 scorpions
  A water moccasin skeleton (D:10)
  9 killer bees (D:5)
  3 howler monkeys
  15 wights
  3 crimson imps
  2 centaur zombies (D:10)
  2 bullfrog zombies (D:10)
  2 quasits
  13 orc wizards
  2 orc priests (D:10)
  8 centaur skeletons
  6 hounds
  2 jellies
  Crazy Yiuf (D:7)
  2 bullfrog skeletons (D:10)
  A gnoll shaman (D:8)
  An iguana (D:8)
  8 worker ants
  3 killer bee zombies
  A big kobold zombie (Ossuary)
  A hound zombie (D:10)
  3 hound skeletons
  3 mummies (Ossuary)
  4 worker ant zombies
  17 gnolls
  23 adders
  3 shadow imps
  2 oozes
  An adder zombie (D:8)
  3 worms
  A dart slug (D:2)
  3 leopard geckos
  34 orcs
  A ball python (D:1)
  7 giant cockroaches
  3 goblins
  5 hobgoblins
  24 jackals
  7 kobolds
  6 quokkas
  5 bats
  4 frilled lizards
  2 goblin zombies (Ossuary)
  A hobgoblin zombie (Ossuary)
  5 kobold zombies (Ossuary)
  A leopard gecko skeleton (D:5)
  A leopard gecko zombie (D:8)
  2 quokka skeletons
  A quokka zombie (D:5)
  9 rats
342 creatures vanquished.

Vanquished Creatures (others)
  A wyvern skeleton (D:6)
  A jelly (D:6)
  A worker ant (D:6)
3 creatures vanquished.

Grand Total: 345 creatures vanquished

Notes
Turn   | Place    | Note
-------+----------+-------------------------------------------
     0 | D:1      | Borgoz the Gargoyle Berserker began the quest for the Orb.
     0 | D:1      | Reached XP level 1. HP: 14/14 MP: 1/1
   311 | D:1      | Reached XP level 2. HP: 19/19 MP: 2/2
  1052 | D:2      | Reached XP level 3. HP: 18/24 MP: 3/3
  1336 | D:2      | Reached XP level 4. HP: 27/29 MP: 4/4
  1579 | D:2      | Reached ** piety under Trog
  1622 | D:2      | Reached XP level 5. HP: 27/33 MP: 5/5
  2433 | D:3      | Reached XP level 6. HP: 30/39 MP: 6/6
  3106 | D:3      | Found a burning altar of Makhleb.
  3297 | D:4      | Reached skill level 5 in Fighting
  3301 | D:4      | Reached *** piety under Trog
  3331 | D:4      | Found an ornate altar of the Wu Jian Council.
  3349 | D:4      | Reached XP level 7. HP: 44/44 MP: 7/7
  3658 | D:4      | Reached skill level 5 in Maces & Flails
  3859 | D:5      | Entered Level 5 of the Dungeon
  3963 | D:5      | Noticed Blork the orc
  3963 | D:5      | Noticed Sigmund
  3981 | D:5      | Reached skill level 5 in Armour
  3985 | D:5      | Killed Blork the orc
  4127 | D:5      | Reached XP level 8. HP: 6/51 MP: 8/8
  4380 | D:5      | Found the +9 staff of Olgreb {rPois∞}
  4707 | D:5      | Noticed Menkaure
  4720 | D:5      | Killed Menkaure
  4908 | D:5      | Found a runed translucent gate.
  4908 | D:5      | Found a runed translucent gate.
  4909 | D:5      | Found a runed translucent door.
  4949 | D:5      | Found a runed translucent gate.
  5252 | D:5      | Found a runed translucent door.
  5293 | D:5      | Killed Sigmund
  5468 | D:5      | Reached XP level 9. HP: 39/56 MP: 9/9
  5505 | D:5      | Reached skill level 5 in Dodging
  5588 | D:5      | Reached **** piety under Trog
  5876 | D:6      | Found a blossoming altar of Fedhas.
  6121 | D:6      | Found a staircase to the Ecumenical Temple.
  6139 | Temple   | Entered the Ecumenical Temple
  6305 | D:6      | Found a shadowy altar of Dithmenos.
  6463 | D:7      | Noticed Harold
  6507 | D:7      | Killed Harold
  6507 | D:7      | Reached XP level 10. HP: 41/65 MP: 10/10
  6534 | D:7      | Found a blossoming altar of Fedhas.
  6561 | D:7      | Noticed Joseph
  6587 | D:7      | Killed Joseph
  6671 | D:7      | Found a sand-covered staircase.
  6676 | Ossuary  | Entered an ossuary
  7270 | D:7      | Found a glowing golden altar of the Shining One.
  7359 | D:7      | Found a stormy altar of Qazlal.
  7495 | D:7      | Found a runed translucent door.
  7496 | D:7      | Noticed Crazy Yiuf
  7608 | D:7      | Killed Crazy Yiuf
  7972 | D:8      | Noticed a two-headed ogre
  7982 | D:8      | Killed a two-headed ogre
  8148 | D:8      | Found a shimmering altar of Xom.
  8266 | D:8      | Reached ***** piety under Trog
  8266 | D:8      | Received a gift from Trog
  8361 | D:8      | Noticed a two-headed ogre
  8373 | D:8      | Killed a two-headed ogre
  8373 | D:8      | Reached XP level 11. HP: 52/72 MP: 11/11
  8496 | D:8      | Noticed a two-headed ogre
  8512 | D:8      | Killed a two-headed ogre
  9021 | D:9      | Found a stormy altar of Qazlal.
  9039 | D:9      | Reached skill level 10 in Fighting
  9082 | D:9      | Found a staircase to the Lair.
  9259 | D:9      | Noticed Maggie
  9278 | D:9      | Killed Maggie
  9286 | D:9      | Found Obimniu's Antique Armour Shoppe.
  9501 | D:9      | Noticed a salamander
  9680 | D:10     | Entered Level 10 of the Dungeon
  9761 | D:10     | Reached skill level 10 in Armour
 10227 | D:10     | Received a gift from Trog
 10308 | D:10     | Noticed a necromancer
 10316 | D:10     | Killed a necromancer
 10395 | D:10     | Noticed a skeletal warrior
 10428 | D:10     | Killed a skeletal warrior
 10428 | D:10     | Reached skill level 10 in Maces & Flails
 10435 | D:10     | Reached XP level 12. HP: 51/79 MP: 12/12
 10711 | D:10     | Found a runed translucent gate.
 10711 | D:10     | Found a runed translucent gate.
 10713 | D:10     | Found a runed translucent gate.
 10713 | D:10     | Noticed Nafuereu's ghost (journeyman DgAE)
 10713 | D:10     | Noticed Upnub's ghost (journeyman TrAK)
 10713 | D:10     | Noticed Wezips's ghost (journeyman GrFi)
 10737 | D:10     | Killed Upnub's ghost
 10758 | D:10     | Killed Wezips's ghost
 10791 | D:10     | Killed Nafuereu's ghost
 11499 | D:11     | You fall into a shaft and drop 2 floors!
 11499 | D:13     | Found Buiggeck's Book Emporium.
 11562 | D:12     | Paralysed by fainting for 10 turns
 11565 | D:12     | HP: 4/80 [scorpion (1)]
 11566 | D:12     | Slain by a skeletal warrior

Levels and vault maps discovered:
D:1:      wheals_arrival_shading, layout_basic, kennysheep_doodads,
          minmay_crystal_water
D:2:      layout_loops_corners, chequers_avenue
D:3:      layout_loops_ring, chequers_serial_rivers_micro_b,
          makhleb_blood_cavern_becter
D:4:      layout_rooms, kennysheep_mini_moat, first_ration
D:5:      layout_basic, minmay_guarded_unrand_staff_of_olgreb, uniq_menkaure,
          uniq_blork_the_orc, uniq_sigmund
D:6:      layout_rooms, grunt_dithmenos_smoke_and_mirrors,
          minmay_temple_entry_mist, basic_altar, lemuel_flamethrower_2
D:7:      layout_basic, lemuel_crystal_altar, enter_ossuary_2, basic_altar,
          the_bakery, hangedman_decor_slide_cut, fedhas_ov_isle_minmay,
          uniq_harold, uniq_crazy_yiuf_cottage, uniq_joseph
D:8:      layout_loops_ring, lemuel_doored_altar
D:9:      layout_roguey, grunt_qazlal_sundering, lair_entry_dummy, serial_shops,
          shop, lightli_corner_chamber, uniq_maggie
D:10:     hangedman_screamer, layout_gridville, gammafunk_ghost_cemetery
D:11:     layout_long_grid, minivault_10
D:12:     layout_irregular_city, erik_orc_2, uniq_rupert, uniq_erolcha,
          uniq_kirke, uniq_nergalle
D:13:     layout_rooms, serial_shops, shop
Temple:   minmay_crystal_spiral_temple

Skill      XL: |  1  2  3  4  5  6  7  8  9 10 11 12 |
---------------+-------------------------------------+-----
Dodging        | 2 3 4 6 7 8 |  8.7
Armour         | 3 4 5 6 8 9 10 11 | 11.1
Fighting       | 4 5 6 8 9 10 11 | 11.4
Maces & Flails | 4 5 6 7 9 10 | 10.5

Action                   |  1- 3 |  4- 6 |  7- 9 | 10-12 || total
-------------------------+-------+-------+-------+-------++-------
Melee: Mace              |    72 |    79 |       |       ||   151
       Flail             |       |   230 |    81 |   194 ||   505
       Morningstar       |       |       |   498 |       ||   498
       Dire flail        |       |       |       |   597 ||   597
Throw: Throwing net      |       |       |       |     5 ||     5
Invok: Berserk           |       |     3 |     4 |     4 ||    11
       Trog's Hand       |       |     1 |     7 |     4 ||    12
  Use: Scroll            |     5 |     4 |     3 |     6 ||    18
       Potion            |       |     1 |       |     2 ||     3
 Stab: Sleeping          |       |     1 |       |       ||     1
       Held in net/web   |       |       |       |     1 ||     1
  Eat: Chunk             |     1 |    11 |    13 |    28 ||    53
       Ration            |       |       |     1 |       ||     1
Armor: Animal skin       |    28 |   117 |       |       ||   145
       Ring mail         |       |    52 |       |       ||    52
       Chain mail        |       |    10 |   470 |   589 ||  1069
Dodge: Dodged            |    51 |   246 |   359 |   485 ||  1141

Table legend:
 A = Non-vault XP
 B = Vault XP
 C = Vault XP percentage of total XP
 D = Non-vault monster count
 E = Vault monster count
 F = Vault count percentage of total count
                 A         B        C        D         E       F
            +---------+---------+-------+---------+---------+-------
      Total |   12478 |   12032 |  49.1 |     262 |      79 |  23.2
            +---------+---------+-------+---------+---------+-------
        D:1 |      14 |       0 |   0.0 |       8 |       0 |   0.0
        D:2 |     261 |       0 |   0.0 |      43 |       0 |   0.0
        D:3 |     258 |      40 |  13.4 |      33 |       1 |   2.9
        D:4 |     411 |       0 |   0.0 |      27 |       0 |   0.0
        D:5 |     397 |    2327 |  85.4 |      22 |      26 |  54.2
        D:6 |     701 |       0 |   0.0 |      21 |       0 |   0.0
        D:7 |     578 |    1712 |  74.8 |      12 |       4 |  25.0
        D:8 |    4423 |       0 |   0.0 |      34 |       0 |   0.0
        D:9 |     798 |     395 |  33.1 |      14 |       1 |   6.7
       D:10 |    2513 |    7291 |  74.4 |      34 |      35 |  50.7
       D:11 |     374 |       0 |   0.0 |       2 |       0 |   0.0
       D:13 |    1750 |       0 |   0.0 |      12 |       0 |   0.0
    Ossuary |       0 |     267 | 100.0 |       0 |      12 | 100.0
            +---------+---------+-------+---------+---------+-------
